 Dungeon Crawl Stone Soup version 0.18.1-48-g4cf74bf (webtiles) character file.

3371 Mesmaeker13 the Skirmisher (level 9, -29/74 HPs)
             Began as a Demonspawn Gladiator on Aug 24, 2016.
             Was an Elder of Makhleb.
             Killed by the air
             ... invoked by Gastronok
              (35 damage)
             ... on level 9 of the Dungeon on Aug 25, 2016.
             The game lasted 00:23:28 (10989 turns).

Mesmaeker13 the Skirmisher (Demonspawn Gladiator)  Turns: 10989, Time: 00:23:29

Health: -29/74     AC:  8    Str: 21    XL:     9   Next: 73%
Magic:  13/13      EV: 16    Int: 11    God:    Makhleb [****..]
Gold:   526        SH:  0    Dex: 17    Spells: 0 memorised, 8 levels left

rFire  . . .     SeeInvis +     d - +3 quarterstaff (chaos)
rCold  + . .     Gourm    .     p - +0 ring mail
rNeg   + . .     Faith    .     (shield currently unavailable)
rPois  .         Spirit   .     c - +0 helmet
rElec  .         Dismiss  .     m - +0 cloak
rCorr  .         Reflect  .     l - +0 pair of gloves
SustAt .         Harm     .     (no boots)
MR     .....                    N - amulet of rage
Stlth  +++.......               D - ring of see invisible
                                G - ring of positive energy

@: mighty, not resistant to hostile enchantments, fairly stealthy
A: hooves 1, thin skeletal structure 1, cold resistance 1, nightstalker 2
a: Minor Destruction, Lesser Servant of Makhleb, Major Destruction, Renounce
Religion, Evoke Berserk Rage


You were on level 9 of the Dungeon.
You worshipped Makhleb.
Makhleb was greatly pleased with you.
You were not hungry.

You visited 2 branches of the dungeon, and saw 10 of its levels.

You collected 526 gold pieces.

Inventory:

Hand Weapons
 a - a +0 trident
 b - a +2 war axe of flaming
 d - a +3 quarterstaff of chaos (weapon)
 v - a +0 blowgun
Missiles
 w - 10 poisoned needles
Armour
 c - a +0 helmet (worn)
 l - a +0 pair of gloves (worn)
 m - a +0 cloak (worn)
 p - a +0 ring mail (worn)
Jewellery
 k - an uncursed ring of flight
 u - a +3 ring of intelligence
 D - a ring of see invisible (right hand)
 G - a ring of positive energy (left hand)
 M - an uncursed ring of ice
 N - an amulet of rage (around neck)
Wands
 q - a wand of hasting (2/9)
 Q - a wand of disintegration (15/24)
Scrolls
 t - a scroll of enchant weapon {unknown}
 y - 4 scrolls of teleportation
 B - 2 scrolls of remove curse
 E - 2 scrolls of magic mapping
 F - a scroll of fog {unknown}
 H - a scroll of amnesia {unknown}
 L - a scroll of enchant armour {unknown}
 P - a scroll of fear {unknown}
 T - a scroll of summoning {unknown}
 U - 2 scrolls of recharging
Potions
 j - a potion of degeneration {unknown}
 r - 3 potions of flight
 s - 2 potions of invisibility {unknown}
 x - 2 potions of haste {unknown}
 z - 3 potions of curing
 A - a potion of mutation {unknown}
 I - 2 potions of cancellation {unknown}
 J - a potion of magic {unknown}
 K - a potion of lignification
 O - a potion of brilliance {unknown}
 R - a potion of beneficial mutation {unknown}
 S - a potion of heal wounds {unknown}
Books
 e - a book of the Dragon

   Spells                             Type                      Level
   a - Flame Tongue                   Conjuration/Fire             1
   b - Cause Fear                     Hexes                        4
   c - Bolt of Fire                   Conjuration/Fire             6
   d - Dragon Form                    Transmutation                7
   e - Dragon's Call                  Summoning                    9
 o - a book of Conjurations

   Spells                             Type                      Level
   a - Magic Dart                     Conjuration                  1
   b - Searing Ray                    Conjuration                  2
   c - Dazzling Spray                 Conjuration/Hexes            3
   d - Fulminant Prism                Conjuration/Hexes            4
   e - Iskenderun's Mystic Blast      Conjuration                  4
   f - Iskenderun's Battlesphere      Conjuration/Charms           5
Comestibles
 f - 3 bread rations
 g - 3 beef jerkies
 h - 4 meat rations
 i - 4 chunks of flesh
 n - a slice of pizza


   Skills:
 + Level 7.8 Fighting
 + Level 7.5 Polearms
 - Level 1.7 Throwing
 + Level 7.3 Dodging
 + Level 5.8 Invocations


You had 8 spell levels left.
You didn't know any spells.

Dungeon Overview and Level Annotations

Branches:
Dungeon (9/15)             Temple (1/1) D:6
   Lair: D:8-11         Orc: D:9-12

Altars:
Ashenzari
Cheibriados
Dithmenos
Elyvilon
Fedhas
Gozag
Kikubaaqudgha
Makhleb
Nemelex Xobeh
Okawaru
Pakellas
Qazlal
Ru
Sif Muna
Trog
Vehumet
Xom
Yredelemnul
Zin
The Shining One

Annotations:
D:3 ThereIsNoGod's ghost, amateur MiGl
D:5 exclusion: oklob plant
D:9 Gastronok; Grum


Innate Abilities, Weirdness & Mutations

You have large cloven feet.
You have a somewhat thin skeletal structure (Dex +2, Stealth).
Your flesh is cold resistant.
You are significantly more attuned to the shadows.


Message History

An iguana comes into view.
Gastronok gurgles horribly!
The orc shouts!
You hear an angry hiss.
You hear a horrible gurgling sound!
You hear a shout!
The orc completely misses you.
You hit the orc but do no damage.
Space bends around the orc.
You kick the orc.
You kill the orc!
Makhleb accepts your kill.
You feel better.
Gastronok waves his eye-stalks in wide circles.
The air twists around and strikes you!
* * * LOW HITPOINT WARNING * * *
The iguana barely misses you.
You are too injured to fight recklessly!
Drink which item? (? for menu, Esc to quit)
It was a potion of curing.
You feel better. The iguana bites you!
* * * LOW HITPOINT WARNING * * *
Gastronok waves his eye-stalks in wide circles.
The air twists around and strikes you!
You die...

.# . .###########
.. ....##.....##...
###.##.#?...'...
#.##.#.#)##..
#....#.#.#
######.#.#
...#)######## ###
#..>...)...@.## #<#
#...#.######[l###.#
#...#.##..........#
#.. #.##......w÷..#
#.. ..##..........#
## #######@##.#
#'##.# .#


You could see Gastronok, Psyche (wandering) and an iguana.

Vanquished Creatures
  Sigmund (D:3)
  A naga (D:9)
  A hippogriff (D:5)
  A phantom (D:8)
  2 orc warriors
  An ice beast (D:6)
  A black bear (D:8)
  5 ogres
  2 wolves
  4 centaurs
  Blork the orc (D:6)
  A big kobold (D:6)
  3 giant frogs
  A wyvern skeleton (D:8)
  2 scorpions (D:4)
  6 killer bees (D:7)
  3 crimson imps
  2 giant frog zombies (D:5)
  2 hounds
  Crazy Yiuf (D:2)
  2 orc priests
  An iguana (D:8)
  2 orc wizards (D:5)
  A giant frog skeleton (D:4)
  Jessica (D:2)
  A gnoll shaman (D:6)
  4 worker ants
  Robin (D:2)
  10 adders
  5 gnolls (D:6)
  An ooze (D:4)
  An adder zombie (D:5)
  An adder skeleton (D:7)
  4 worms
  3 dart slugs
  A giant gecko (D:4)
  19 orcs
  6 giant cockroaches
  8 hobgoblins
  6 jackals
  15 kobolds
  3 quokkas
  A ball python (D:1)
  5 bats
  2 giant gecko zombies
  5 giant newts
  22 goblins
  12 rats
184 creatures vanquished.

Notes
Turn   | Place    | Note
--------------------------------------------------------------
     0 | D:1      | Mesmaeker13 the Demonspawn Gladiator began the quest for the Orb.
     0 | D:1      | Reached XP level 1. HP: 16/16 MP: 1/1
   522 | D:1      | Gained mutation: You are slightly more attuned to the shadows. [demonic ancestry]
   522 | D:1      | Reached XP level 2. HP: 22/22 MP: 2/2
  1414 | D:2      | Gained mutation: You have a somewhat thin skeletal structure (Dex +2, Stealth). [demonic ancestry]
  1414 | D:2      | Reached XP level 3. HP: 27/28 MP: 3/3
  1526 | D:2      | Found a sparkling altar of Nemelex Xobeh.
  1528 | D:2      | Found a shimmering altar of Xom.
  2222 | D:2      | Noticed Jessica
  2231 | D:2      | Killed Jessica
  2231 | D:2      | Gained mutation: You have large cloven feet. [demonic ancestry]
  2231 | D:2      | Reached XP level 4. HP: 35/35 MP: 4/4
  2288 | D:2      | Found an ancient bone altar of Kikubaaqudgha.
  2358 | D:2      | Found a burning altar of Makhleb.
  2363 | D:2      | Became a worshipper of Makhleb the Destroyer
  2774 | D:2      | Noticed Crazy Yiuf
  2795 | D:2      | Killed Crazy Yiuf
  2863 | D:3      | Noticed Robin
  2870 | D:2      | Killed Robin
  2870 | D:2      | Reached XP level 5. HP: 33/41 MP: 5/5
  2945 | D:3      | Reached * piety under Makhleb
  3312 | D:3      | Found a shadowy altar of Dithmenos.
  3385 | D:3      | Noticed ThereIsNoGod's ghost (amateur MiGl)
  3715 | D:4      | Gained mutation: You are significantly more attuned to the shadows. [demonic ancestry]
  3715 | D:4      | Reached XP level 6. HP: 48/48 MP: 6/6
  3792 | D:4      | Found a sacrificial altar of Ru.
  4448 | D:5      | Entered Level 5 of the Dungeon
  4594 | D:5      | Reached ** piety under Makhleb
  4755 | D:5      | Found a blossoming altar of Fedhas.
  4772 | D:5      | Noticed an oklob plant
  4881 | D:5      | Reached XP level 7. HP: 55/55 MP: 7/7
  4962 | D:5      | Reached skill level 5 in Fighting
  4962 | D:5      | Reached skill level 5 in Polearms
  4965 | D:5      | Noticed a hippogriff
  5281 | D:5      | Killed a hippogriff
  5281 | D:5      | Reached skill level 5 in Dodging
  5709 | D:5      | Found a glowing golden altar of the Shining One.
  5709 | D:5      | Found a white marble altar of Elyvilon.
  5710 | D:5      | Found a glowing silver altar of Zin.
  6323 | D:3      | Noticed Sigmund
  6331 | D:3      | Killed Sigmund
  6405 | D:4      | Reached XP level 8. HP: 58/64 MP: 8/8
  6982 | D:6      | Found an opulent altar of Gozag.
  7180 | D:6      | Reached skill level 1 in Invocations
  7281 | D:6      | Found a staircase to the Ecumenical Temple.
  7281 | D:6      | Noticed Blork the orc
  7294 | D:6      | Killed Blork the orc
  7436 | Temple   | Entered the Ecumenical Temple
  8000 | D:6      | Reached *** piety under Makhleb
  8501 | D:7      | Found a bloodstained altar of Trog.
  8870 | D:7      | Gained mutation: Your flesh is cold resistant. [demonic ancestry]
  8870 | D:7      | Reached XP level 9. HP: 71/71 MP: 11/11
  9918 | D:8      | Reached **** piety under Makhleb
 10120 | D:8      | Reached skill level 5 in Invocations
 10298 | D:8      | Got a slimy whip
 10471 | D:9      | Noticed a white ugly thing
 10472 | D:9      | Noticed Grum
 10980 | D:9      | Noticed Gastronok
 10989 | D:9      | Killed from afar by Gastronok

Skill      XL: |  1  2  3  4  5  6  7  8  9 |
---------------+----------------------------+-----
Polearms       | 3 4 5 6 7 |  7.5
Dodging        | 3 4 5 6 7 |  7.3
Fighting       | 3 4 5 6 7 |  7.8
Invocations    | 3 5 |  5.8
Throwing       | |  1.7

Action                   |  1- 3 |  4- 6 |  7- 9 || total
-------------------------+-------+-------+-------++-------
Melee: Trident           |   146 |    23 |       ||   169
       Quarterstaff      |       |   124 |   276 ||   400
       Kick              |       |    35 |    86 ||   121
 Fire: Blowgun           |       |       |     5 ||     5
Throw: Throwing net      |     1 |     3 |     4 ||     8
Evoke: Wand              |       |       |     1 ||     1
  Use: Scroll            |       |     5 |     7 ||    12
       Potion            |       |     1 |     5 ||     6
 Stab: Sleeping          |    10 |     6 |     9 ||    25
       Distracted        |     1 |     2 |     1 ||     4
       Held in net/web   |       |     1 |       ||     1
  Eat: Chunk             |     3 |     8 |     7 ||    18
       Beef jerky        |     1 |       |       ||     1
       Bread ration      |       |       |     2 ||     2
       Meat ration       |       |       |     1 ||     1
Armor: Leather armour    |    12 |     5 |       ||    17
       Ring mail         |       |    40 |    74 ||   114
       Skin              |       |       |     5 ||     5
Dodge: Dodged            |    61 |    86 |   252 ||   399
